 Dungeon Crawl Stone Soup version 0.25-b1-46-gb8a1ec05df (webtiles) character file.

Game seed: 9947434120402332221

244581 Angani the Blocker (level 18, -1/147 HPs)
             Began as a Demigod Ice Elementalist on June 1, 2020.
             Succumbed to barbed spike wounds
             ... on level 4 of the Shoals on June 9, 2020.
             The game lasted 03:50:53 (54028 turns).

Angani the Blocker (Demigod Ice Elementalist)      Turns: 54028, Time: 03:50:53

Health: -1/147     AC: 22    Str: 21    XL:     18   Next: 45%
Magic:  17/37      EV:  6    Int: 38    God:
Gold:   1784       SH: 36    Dex: 16    Spells: 15/37 levels left

rFire    . . .     SeeInvis .   b - +8 demon trident (elec)
rCold    . . .     Gourm    .   u - +18 shield of the Gong {rElec rN+ MR+ EV-5}
rNeg     + . .     Faith    .   l - +0 storm dragon scales
rPois    .         Spirit   .   O - +0 helmet
rElec    +         Reflect  +   (no cloak)
rCorr    .         Harm     .   R - +2 pair of gloves
MR       +++..                  f - +1 pair of boots
Stlth    ..........             p - amulet "Yseg" {Reflect Str+6 SH+5}
HPRegen  0.34/turn              i - ring of protection from magic
MPRegen  0.25/turn              D - ring of Orogoeme {Wiz Str+4 Int+7 Slay+3}

@: barbed spikes
A: high mp 1
}: 1/15 runes: gossamer
a: no special abilities


You were on level 4 of the Shoals.
You were not hungry.

You visited 5 branches of the dungeon, and saw 31 of its levels.
You also visited: Bailey and Ice Cave.

You collected 3254 gold pieces.
You spent 1470 gold pieces at shops.

Inventory:

Hand Weapons
 b - a +8 demon trident of electrocution (weapon)
Missiles
 k - 14 curare-tipped darts (quivered)
 B - 3 throwing nets
Armour
 f - a +1 pair of boots (worn)
 l - +0 storm dragon scales (worn)
 u - the +18 shield of the Gong (worn) {rElec rN+ MR+ EV-5}
   (You found it on level 2 of the Shoals)

   It affects your evasion (-5).
   It insulates you from electricity.
   It protects you from negative energy.
   It affects your resistance to hostile enchantments.
 O - a +0 helmet (worn)
 R - a +2 pair of gloves (worn)
Magical Staves
 a - an uncursed staff of energy
 G - an uncursed staff of air
Jewellery
 e - an uncursed ring of see invisible
 i - a ring of protection from magic (left hand)
 p - the amulet "Yseg" (around neck) {Reflect Str+6 SH+5}
   (You found it on level 6 of the Lair of Beasts)

   [amulet of reflection]

   It shields you and reflects attacks.
   It affects your strength (+6).
   It affects your SH (+5).
 y - an uncursed ring of resist corrosion
 A - an uncursed ring of positive energy
 D - the ring of Orogoeme (right hand) {Wiz Str+4 Int+7 Slay+3}
   (You bought it in a shop on level 1 of the Orcish Mines)

   [ring of wizardry]

   It improves your spell success rate.
   It affects your strength (+4).
   It affects your intelligence (+7).
   It affects your accuracy and damage with ranged weapons and melee attacks
   (+3).
 H - an uncursed ring of magical power
Wands
 d - a wand of polymorph (23)
 t - a wand of disintegration (12)
 w - a wand of clouds (8)
 F - a wand of digging (10)
 M - a wand of iceblast (8)
 Q - a wand of acid (9)
 W - a wand of flame (14)
 Y - a wand of paralysis (31)
Scrolls
 j - 6 scrolls of identify
 m - 2 scrolls of magic mapping
 n - 7 scrolls of remove curse
 s - 2 scrolls of fog
 x - 2 scrolls of brand weapon
 I - 3 scrolls of teleportation
 J - 3 scrolls of amnesia
Potions
 g - 6 potions of curing
 h - a potion of magic
 o - 5 potions of stabbing
 q - a potion of brilliance
 r - a potion of invisibility
 v - a potion of resistance
 z - 5 potions of flight
 C - 5 potions of ambrosia
 K - 2 potions of lignification
 N - 2 potions of haste
 P - a potion of cancellation
 T - 5 potions of might
 U - 3 potions of heal wounds
Miscellaneous
 L - a lightning rod (4/4)
 S - a phial of floods
Comestibles
 c - 22 rations
 E - a chunk of flesh


   Skills:
 - Level 10.0 Fighting
 - Level 6.8 Polearms
 - Level 10.6 Armour
 - Level 5.6 Dodging
 - Level 1.7 Stealth
 * Level 11.9 Shields
 - Level 10.0 Spellcasting
 - Level 9.7 Conjurations
 - Level 9.5 Summonings
 - Level 9.6 Ice Magic
 - Level 10.0 Air Magic
 - Level 6.8 Evocations


You had 15 spell levels left.
You knew the following spells:

 Your Spells              Type           Power        Failure   Level  Hunger
a - Freeze                Ice            ####         1%          1    None
b - Frozen Ramparts       Ice            ######       1%          3    None
c - Hailstorm             Conj/Ice       #######.     1%          4    None
d - Summon Ice Beast      Ice/Summ       #######.     1%          4    None
e - Summon Lightning Spi  Summ/Air       #######.     1%          4    None
f - Freezing Cloud        Conj/Ice/Air   #######...   21%         6    ####...

Your spell library contained the following spells:

 Spells                   Type           Power        Failure   Level  Hunger
 Magic Dart               Conj           ####         1%          1    None
 Shock                    Conj/Air       ####         1%          1    None
 Summon Small Mammal      Summ           ####         1%          1    None
 Call Imp                 Summ           #######.     1%          2    None
 Corpse Rot               Necr/Air       N/A          1%          2    None
 Searing Ray              Conj           ######       1%          2    None
 Swiftness                Chrm/Air       ######..     1%          2    None
 Call Canine Familiar     Summ           #######.     1%          3    None
 Mephitic Cloud           Conj/Pois/Air  ######..     1%          3    None
 Static Discharge         Conj/Air       #######.     1%          3    None
 Airstrike                Air            #######...   1%          4    None
 Conjure Flame            Conj/Fire      ######..     3%          3    None
 Dazzling Flash           Conj/Hex       ######       3%          3    None
 Ozocubu's Armour         Chrm/Ice       ######..     3%          3    None
 Stone Arrow              Conj/Erth      ######       3%          3    None
 Summon Guardian Golem    Hex/Summ       ######..     3%          3    None
 Lightning Bolt           Conj/Air       #######...   3%          5    #......
 Animate Skeleton         Necr           N/A          8%          1    None
 Corona                   Hex            ###....      8%          1    None
 Pain                     Necr           ###.         8%          1    None
 Sandblast                Erth           ###...       8%          1    None
 Fulminant Prism          Conj/Hex       ######....   11%         4    None
 Iskenderun's Mystic Bla  Conj/Tloc      ######..     11%         4    None
 Blink                    Tloc           N/A          12%         2    None
 Passwall                 Tmut/Erth      ###.....     12%         2    None
 Slow                     Hex            ###.....     12%         2    None
 Inner Flame              Hex/Fire       ###.....     22%         3    None
 Portal Projectile        Hex/Tloc       ###...       22%         3    None
 Vampiric Draining        Necr           ###.......   22%         3    None
 Summon Forest            Summ/Tloc      ######....   28%         5    #......
 Animate Dead             Necr           N/A          56%         4    None
 Cause Fear               Hex            ###.......   56%         4    None
 Leda's Liquefaction      Hex/Erth       ###.......   56%         4    None
 Petrify                  Tmut/Erth      ###.....     56%         4    None
 Summon Hydra             Summ           #######...   75%         7    ######.
 Simulacrum               Ice/Necr       ######....   80%         6    ####...
 Agony                    Necr           ###.....     87%         5    #......
 Lee's Rapid Deconstruct  Erth           ###.......   87%         5    #......
 Eringya's Noxious Bog    Tmut/Pois      ###.......   100%        6    ####...
 Hydra Form               Tmut           ###.......   100%        6    ####...
 Ignition                 Fire           ###.......   100%        8    #######
 Shatter                  Erth           ###.......   100%        9    #######
 Tornado                  Air            #######...   100%        9    #######


Dungeon Overview and Level Annotations

Branches:
Dungeon (15/15)            Temple (0/1) D:5            Lair (6/6) D:11
 Shoals (4/4) Lair:2       Spider (4/4) Lair:3        Slime (0/5) Lair:5
    Orc (2/2) D:12            Elf (0/3) Orc:2        Vaults (0/5) D:14
 Depths (0/5) D:15         Bailey (visited)           IceCv (visited)

Shops:
D:9 }   D:14 ?   Orc:1 =(?   Orc:2 *(:[   Shoals:1 =

Portals:
Abyss: Orc:2

Annotations:
D:6 2 transporters, exclusions: centaur, door and downstairs, lepoulpe303's ghost, novice TrMo
D:10 4 runed translucent doors, exclusion: 4 doors
Lair:3 3 runed translucent doors, Dikli's ghost, journeyman MiBe
Orc:2 2 transporters, lepoulpe303's ghost, journeyman DDFi


Innate Abilities, Weirdness & Mutations

You have an increased reservoir of magic. (+10% MP)


Message History

Unknown command.
You block the sea snake's attack.
GONNNNG!
The merfolk javelineer throws a silver javelin.
The silver javelin pierces through you but does no damage.
* * * LOW HITPOINT WARNING * * *
The merfolk throws a boomerang of dispersal.
GONNNNG!
You reflect the boomerang of dispersal off an invisible shield around you!
The boomerang of dispersal hits the merfolk!!
The merfolk blinks!
The manticore flicks its tail.
The volley of spikes hits you!
The barbed spikes become lodged in your body.
* * * LOW HITPOINT WARNING * * *
Your ice beast completely misses the merfolk.
Your ice beast barely misses the sea snake.
You hear an angry hiss.
You hear a bellow!
You hear an angry hiss. x3
The barbed spikes dig painfully into your body as you move.
You die...

...≈≈≈≈... ##
...≈.....###.##
..≈≈.....##...##
....≈≈≈........####
....≈≈≈H..........#
≈≈≈≈≈....(........#
≈≈≈≈≈≈.m..(...?k...
≈≈≈≈≈≈≈Y≈..††......
.≈≈≈≈≈≈m≈≈S@†......
.≈≈≈.≈≈≈≈≈Y.......≈
..≈.≈≈≈≈≈..†...:...
H....≈≈≈≈..........
.....≈≈≈≈.....m)...
...≈≈≈≈≈..#........
.≈≈≈≈≈≈≈.##........
..≈≈≈≈≈≈..#.....[.§
.≈≈≈≈≈. .........


You could see a merfolk javelineer, a sea snake, a wind drake (repels missiles),
2 merfolk, a manticore and 2 friendly ice beasts.

Vanquished Creatures
  Arachne (Spider:3)
  A kraken (Shoals:2)
  Frances (D:13)
  Donald (Spider:3)
  Ilsuiw (Shoals:2)
  4 ghost moths
  6 emperor scorpions
  An entropy weaver (Spider:3)
  2 spark wasps (Spider:3)
  3 dire elephants (Lair:6)
  Azrael (D:13)
  2 merfolk impalers
  3 hydras
  2 vault guards (D:14)
  Erolcha (D:9)
  An anaconda (Lair:6)
  2 merfolk aquamancers (Shoals:1)
  5 centaur warriors
  An ogre mage (D:12)
  2 two-headed ogres
  Urug (D:13)
  A tengu warrior (D:14)
  4 orc high priests (Orc:2)
  Sonja (Orc:2)
  Nergalle (Lair:1)
  6 sea snakes
  2 skeletal warriors (D:14)
  2 unseen horrors
  4 harpies
  A wizard (D:15)
  Pikel (D:6)
  A necromancer (D:15)
  13 wolf spiders
  16 orb spiders
  5 orc knights (Orc:2)
  4 fauns
  2 orc sorcerers
  2 deep elf magi (D:12)
  2 moths of wrath
  An oklob plant (D:11)
  A manticore (Shoals:3)
  A black mamba (shapeshifter) (D:12)
  5 centaur zombies
  2 ice statues (IceCv)
  4 merfolk sirens
  13 elephants
  A torpor snail (Spider:3)
  A water nymph (Shoals:4)
  6 spiny frogs
  2 centaur skeletons
  A gargoyle (D:10)
  A tengu conjurer (D:14)
  A kobold demonologist (D:11)
  7 demonic crawlers
  2 komodo dragons
  19 merfolk
  15 jumping spiders
  3 hornets
  7 polar bears (IceCv)
  5 meliai
  6 trolls
  8 blink frogs
  4 hippogriffs
  2 wind drakes (Shoals:3)
  A dream sheep (Lair:3)
  6 snapping turtles
  Prince Ribbit (D:6)
  34 redbacks
  A shadow (D:15)
  31 yaks
  10 tarantellas
  A basilisk (Lair:1)
  4 wyverns
  5 water elementals
  2 fire elementals (D:13)
  7 humans (D:14)
  2 vampire mosquitoes
  2 wargs
  An acid dragon (D:15)
  2 hell hounds (D:13)
  3 water moccasins
  18 orc warriors
  7 porcupines
  3 slaves (D:6)
  2 sky beasts (D:9)
  A black bear (D:7)
  2 necrophages
  A phantom (D:10)
  6 wolves
  6 ogres
  13 centaurs
  4 crocodiles
  15 bullfrogs
  5 big kobolds
  A wyvern skeleton (D:8)
  4 scorpions
  16 killer bees
  An electric eel (Spider:4)
  5 howler monkeys
  2 quasits
  2 bullfrog zombies (D:11)
  2 lava snakes (Lair:2)
  5 crimson imps
  6 jellies
  8 hounds
  18 orc priests
  A gnoll shaman (D:12)
  6 orc wizards
  3 bullfrog skeletons
  4 iguanas
  7 worker ants
  A hound zombie (D:8)
  A hound skeleton (D:6)
  14 adders
  6 gnolls
  2 shadow imps
  3 oozes
  3 adder zombies
  A worm (D:2)
  A dart slug (D:2)
  9 leopard geckos
  46 orcs
  A ball python (D:5)
  4 bats
  2 giant cockroaches (D:1)
  8 goblins
  10 hobgoblins
  8 jackals
  37 kobolds
  4 frilled lizards
  A leopard gecko skeleton (D:4)
  10 rats
  2 fungi
  9 plants
  3 tentacles (Shoals:2)
701 creatures vanquished.

Vanquished Creatures (collateral kills)
  Mara (Spider:3)
  Jorgrun (D:15)
  An orc warlord (D:12)
  A frost giant (IceCv)
  Louise (Spider:2)
  5 emperor scorpions
  An entropy weaver (Spider:1)
  2 merfolk javelineers
  2 merfolk impalers
  A vault guard (D:14)
  3 hydras
  4 merfolk avatars
  A centaur warrior (D:15)
  2 two-headed ogres (D:12)
  An orc high priest (Orc:2)
  3 skeletal warriors (D:14)
  An unseen horror (D:11)
  4 sea snakes
  A wizard (D:15)
  3 orc knights (Orc:2)
  A wolf spider zombie (D:15)
  7 harpies
  4 lindwurms (Lair:6)
  7 wolf spiders
  An orc sorcerer (D:15)
  An ugly thing (D:13)
  A deep elf mage (D:11)
  3 manticores
  10 orb spiders
  A centaur zombie (D:15)
  A black mamba (Lair:6)
  A faun (Shoals:2)
  3 water nymphs
  Maurice (Orc:2)
  4 merfolk sirens (Shoals:2)
  7 elephants
  8 spiny frogs
  A torpor snail (Lair:6)
  A gargoyle (D:11)
  3 rime drakes
  An efreet (D:15)
  A freezing wraith (D:15)
  2 komodo dragons
  A demonic crawler (Spider:2)
  5 jumping spiders
  A tengu conjurer (D:15)
  A queen bee (Spider:1)
  12 merfolk
  A meliai (Spider:3)
  A hornet (Spider:3)
  4 trolls
  9 polar bears
  2 wind drakes
  8 hippogriffs
  9 blink frogs
  A spriggan (D:7)
  4 tarantellas
  2 snapping turtles
  18 redbacks
  3 wyverns
  A shadow (D:12)
  A human (D:14)
  17 yaks
  A basilisk (D:13)
  2 fire bats (Lair:2)
  2 fire elementals (D:13)
  3 wraiths
  A hungry ghost (D:15)
  3 vampire mosquitoes
  An acid dragon (D:11)
  2 wargs
  3 porcupines
  A hell hound (D:13)
  3 water moccasins
  2 ice beasts
  18 orc warriors
  2 sky beasts
  2 necrophages
  3 ogres
  3 centaurs
  6 wolves
  3 crocodiles
  6 bullfrogs
  A scorpion (D:10)
  A wyvern skeleton (D:8)
  4 killer bees
  7 wights
  A nameless horror (Orc:2)
  An electric eel (Lair:3)
  2 crimson imps
  A quasit (D:10)
  A jelly (D:12)
  3 orc priests (Orc:2)
  A bullfrog skeleton (D:6)
  A gnoll shaman (Orc:2)
  4 orc wizards
  An adder (D:10)
  4 gnolls
  A shadow imp (D:10)
  An ooze (Lair:5)
  A leopard gecko (D:8)
  20 orcs
  2 goblins (Bailey)
  A quokka (D:12)
  A fungus (Lair:4)
  A plant (Shoals:1)
338 creatures vanquished.

Vanquished Creatures (others)
  4 dream sheep (Lair:3)
  A tarantella (Spider:4)
  A water elemental (Shoals:1)
  A human (D:14)
  An orc warrior (Orc:2)
  An orc (Orc:2)
  7 bushes (Lair:6)
  28 fungi (Lair:6)
  34 plants
  6 tentacles (Shoals:2)
84 creatures vanquished.

Grand Total: 1123 creatures vanquished

Notes
Turn   | Place    | Note
-------+----------+-------------------------------------------
     0 | D:1      | Angani the Demigod Ice Elementalist began the quest for the
                  | Orb.
     0 | D:1      | Reached XP level 1. HP: 14/14 MP: 5/5
   421 | D:1      | Reached XP level 2. HP: 20/20 MP: 5/7
  1453 | D:2      | Found a blossoming altar of Fedhas.
  1527 | D:2      | Reached XP level 3. HP: 24/26 MP: 3/9
  1630 | D:2      | Learned a level 3 spell: Frozen Ramparts
  2167 | D:3      | Reached XP level 4. HP: 4/33 MP: 1/11
  3077 | D:3      | Found an iron altar of Okawaru.
  3077 | D:3      | Found a glowing golden altar of the Shining One.
  3136 | D:3      | Learned a level 4 spell: Hailstorm
  3294 | D:4      | Reached XP level 5. HP: 38/38 MP: 10/13
  3337 | D:4      | Reached skill level 5 in Ice Magic
  3963 | D:4      | Found a burning altar of Makhleb.
  3963 | D:4      | Noticed a green death
  3966 | D:4      | Noticed a ynoxinul
  3966 | D:4      | Noticed a smoke demon
  4039 | D:4      | Found a shadowy altar of Dithmenos.
  4099 | D:5      | Entered Level 5 of the Dungeon
  4380 | D:5      | Reached skill level 1 in Conjurations
  4380 | D:5      | Reached XP level 6. HP: 32/45 MP: 10/15
  4949 | D:5      | Found a white marble altar of Elyvilon.
  5069 | D:5      | Found a staircase to the Ecumenical Temple.
  5098 | D:5      | You fall into a shaft and drop 3 floors!
  5099 | D:8      | Noticed a hippogriff
  5211 | D:8      | Noticed a troll
  5232 | D:8      | Reached XP level 7. HP: 50/50 MP: 16/16
  5375 | D:8      | Killed a troll
  5710 | D:8      | Learned a level 4 spell: Summon Ice Beast
  5916 | D:7      | Reached skill level 5 in Conjurations
  5982 | D:7      | Reached skill level 1 in Summonings
  6322 | D:7      | Reached XP level 8. HP: 49/57 MP: 7/17
  6758 | D:6      | Found a hide-covered altar of Uskayaw.
  7013 | D:6      | Noticed Prince Ribbit
  7016 | D:6      | Killed Prince Ribbit
  7016 | D:6      | Reached skill level 5 in Summonings
  7086 | D:6      | Found a transporter.
  7088 | D:6      | Noticed lepoulpe303's ghost (novice TrMo)
  7091 | D:6      | Found a transporter.
  7384 | D:6      | Reached XP level 9. HP: 62/62 MP: 15/18
  7744 | D:6      | Noticed Pikel
  7759 | D:6      | Killed Pikel
  9519 | D:9      | Found Gaereusm's Gadget Shoppe.
  9532 | D:9      | Found a basalt altar of Yredelemnul.
  9837 | D:9      | Reached XP level 10. HP: 48/67 MP: 19/19
 10005 | D:9      | Learned a level 3 spell: Ozocubu's Armour
 10042 | D:9      | Noticed Erolcha
 10052 | D:9      | Killed Erolcha
 10143 | D:9      | Found a radiant altar of Vehumet.
 10380 | D:10     | Entered Level 10 of the Dungeon
 10488 | D:10     | Found a flagged portal.
 10504 | Bailey   | Entered a bailey
 10819 | Bailey   | Got a polished leather armour
 10847 | Bailey   | Identified the +2 leather armour "Luucyle" {rF++ Dex+2}
                  | (You found it in a bailey)
 11254 | D:10     | Found a large runed translucent door.
 11254 | D:10     | Found a large runed translucent door.
 11259 | D:10     | Noticed a wolf spider
 11294 | D:10     | Found a large runed translucent door.
 11294 | D:10     | Found a large runed translucent door.
 11486 | D:10     | Got a brightly glowing rapier
 11561 | D:10     | Reached skill level 5 in Spellcasting
 12155 | D:10     | Identified the +4 rapier "Widowmaker" {vorpal, rPois rF+
                  | MR+} (You found it on level 10 of the Dungeon)
 12661 | D:11     | Found a staircase to the Lair.
 12662 | D:11     | Noticed an oklob plant
 13165 | D:11     | Noticed a deep elf mage
 13175 | D:11     | Killed a deep elf mage
 13470 | D:11     | Noticed a manticore
 13476 | D:11     | Killed an unseen horror
 13476 | D:11     | Reached skill level 1 in Fighting
 13476 | D:11     | Reached skill level 1 in Armour
 13476 | D:11     | Reached skill level 1 in Evocations
 13476 | D:11     | Reached XP level 11. HP: 49/74 MP: 21/25
 14792 | Lair:1   | Entered Level 1 of the Lair of Beasts
 14827 | Lair:1   | Noticed a six-headed hydra
 14839 | Lair:1   | Killed a six-headed hydra
 15577 | Lair:1   | Noticed Nergalle
 16181 | Lair:1   | Upgraded the game from 0.25-b1-23-ge2ad7d536c to
                  | 0.25-b1-37-g2669288c55
 16362 | Lair:1   | Killed Nergalle
 16526 | Lair:2   | Found a staircase to the Shoals.
 16526 | Lair:2   | You fall into a shaft and drop 2 floors!
 16527 | Lair:4   | Noticed a four-headed hydra
 16545 | Lair:4   | Killed a four-headed hydra
 16651 | Lair:3   | Reached skill level 5 in Evocations
 16667 | Lair:3   | Reached skill level 5 in Fighting
 16758 | Lair:3   | Found a hole to the Spider Nest.
 16816 | Lair:3   | Got a distressingly furry ring mail
 16872 | Lair:3   | Found a runed translucent gate.
 16873 | Lair:3   | Found a runed translucent gate.
 16880 | Lair:2   | Found a frozen archway.
 16909 | IceCv    | Entered an ice cave
 17149 | IceCv    | Reached XP level 12. HP: 94/94 MP: 25/26
 17297 | IceCv    | Identified the +8 ring mail "Baupufirch" {Str+2} (You found
                  | it on level 3 of the Lair of Beasts)
 18521 | IceCv    | Reached skill level 5 in Dodging
 18941 | IceCv    | Noticed a frost giant
 19079 | IceCv    | Killed a frost giant
 19457 | Lair:2   | Learned a level 4 spell: Summon Lightning Spire
 19498 | Lair:2   | Reached skill level 1 in Air Magic
 19643 | Lair:2   | Noticed a seven-headed hydra
 19649 | Lair:2   | Killed a seven-headed hydra
 20510 | Lair:3   | Reached skill level 5 in Armour
 20835 | Lair:3   | Found a runed translucent gate.
 20837 | Lair:3   | Noticed Dikli's ghost (journeyman MiBe)
 20977 | Lair:3   | Found a shimmering altar of Xom.
 21860 | Lair:5   | Noticed a four-headed hydra
 21866 | Lair:5   | Killed a four-headed hydra
 22048 | Lair:5   | Got a warped leather armour
 22063 | Lair:5   | Identified the cursed +0 leather armour of Heukkihu {rPois
                  | rN+ MR+ Dex+3} (You found it on level 5 of the Lair of
                  | Beasts)
 22206 | Lair:5   | Found a runed translucent door.
 22207 | Lair:5   | Found a viscous altar of Jiyva.
 22208 | Lair:5   | Found a staircase to the Slime Pits.
 22815 | Lair:6   | Entered Level 6 of the Lair of Beasts
 22907 | Lair:6   | Reached skill level 5 in Air Magic
 23176 | Lair:6   | Reached XP level 13. HP: 100/104 MP: 27/27
 24476 | Lair:6   | Identified the Papyrus of Congealing Earth
 24890 | Lair:6   | Noticed a dire elephant
 24890 | Lair:6   | Noticed a dire elephant
 24897 | Lair:6   | Killed a dire elephant
 24901 | Lair:6   | Killed a dire elephant
 24955 | Lair:6   | Got a heavily runed amethyst amulet
 25139 | Lair:6   | Identified the amulet "Yseg" {Reflect Str+6 SH+5} (You
                  | found it on level 6 of the Lair of Beasts)
 25156 | Lair:6   | Noticed a dire elephant
 25163 | Lair:6   | Killed a dire elephant
 25633 | D:11     | Learned a level 6 spell: Freezing Cloud
 25727 | D:12     | Found a staircase to the Orcish Mines.
 27694 | D:13     | Noticed Azrael
 27911 | D:13     | Killed Azrael
 27916 | D:13     | Noticed Frances
 28310 | D:13     | Killed Frances
 28438 | D:13     | Noticed Urug
 28477 | D:13     | Killed Urug
 29052 | D:14     | Reached XP level 14. HP: 74/111 MP: 23/29
 29867 | D:14     | Reached skill level 10 in Armour
 30029 | D:14     | Found a gate to the Vaults.
 30623 | D:14     | Found Colaul's Magic Scroll Boutique.
 30631 | D:14     | Bought a scroll of identify for 26 gold pieces
 30631 | D:14     | Bought a scroll of magic mapping for 45 gold pieces
 31291 | D:15     | Entered Level 15 of the Dungeon
 32624 | D:15     | Found a staircase to the Depths.
 32778 | D:15     | Noticed Jorgrun
 32788 | D:15     | Killed Jorgrun
 33199 | Orc:1    | Entered Level 1 of the Orcish Mines
 33208 | Orc:1    | Noticed an orc warlord
 33606 | D:12     | Killed an orc warlord
 34087 | Orc:1    | Found Kytuas's Jewellery Boutique.
 34104 | Orc:1    | Bought the ring of Orogoeme {Wiz Str+4 Int+7 Slay+3} for
                  | 1017 gold pieces
 34345 | Orc:2    | Entered Level 2 of the Orcish Mines
 34349 | Orc:2    | Found a roughly hewn altar of Beogh.
 34366 | Orc:1    | Found Toanafil's Weapon Boutique.
 34658 | Orc:1    | Found Zaoz's Magic Scroll Emporium.
 34750 | Orc:2    | Identified the +7 great mace of Uvety {distort, Dex+6}
 34750 | Orc:2    | Noticed an orc warlord
 34759 | Orc:2    | Noticed a cacodemon
 34762 | Orc:2    | Noticed lepoulpe303's ghost (journeyman DDFi)
 34799 | Orc:2    | Found a transporter.
 34811 | Orc:2    | Found a one-way gate to the infinite horrors of the Abyss.
 34842 | Orc:2    | Found a transporter.
 34886 | Orc:2    | Found a staircase to the Elven Halls.
 35255 | Orc:2    | Noticed Sonja
 35283 | Orc:2    | Killed Sonja
 35489 | Orc:2    | Reached skill level 10 in Spellcasting
 35509 | Orc:2    | HP: 3/111 [orc wizard/magic dart (7)]
 37007 | Orc:2    | Noticed Maurice
 37019 | Orc:2    | Killed Maurice
 37068 | Orc:2    | Found Nuodwa Gicef's General Store.
 37068 | Orc:2    | Found Nivoffoz's Armour Shop.
 37069 | Orc:2    | Found Nuisk's Weapon Shop.
 37069 | Orc:2    | Found Renk's Book Boutique.
 37823 | Spider:1 | Entered Level 1 of the Spider Nest
 37849 | Lair:3   | Killed a ghost moth
 38556 | Spider:1 | Reached XP level 15. HP: 107/124 MP: 30/33
 40046 | Spider:2 | Noticed Louise
 40156 | Spider:2 | Reached skill level 10 in Fighting
 41076 | Spider:2 | Killed Louise
 42071 | Spider:3 | Noticed Donald
 42194 | Spider:3 | Killed Donald
 42307 | Spider:3 | Noticed Mara
 42312 | Spider:3 | Noticed Angani's illusion
 42722 | Shoals:1 | Entered Level 1 of the Shoals
 42731 | Lair:2   | Reached XP level 16. HP: 134/134 MP: 35/35
 42732 | Lair:2   | Reached XP level 17. HP: 140/140 MP: 36/36
 44134 | Shoals:1 | Reached skill level 10 in Air Magic
 44471 | Shoals:1 | Found Yhao's Jewellery Shoppe.
 44635 | Shoals:2 | Found the +18 shield of the Gong {rElec rN+ MR+ EV-5}
 44706 | Shoals:2 | Reached skill level 1 in Shields
 44736 | Shoals:2 | Reached skill level 2 in Shields
 44778 | Shoals:2 | Reached skill level 3 in Shields
 44799 | Shoals:2 | Noticed Ilsuiw
 45229 | Shoals:1 | Reached skill level 4 in Shields
 45805 | D:14     | Bought 3 scrolls of enchant weapon for 292 gold pieces
 45909 | Orc:1    | Bought a scroll of enchant weapon for 90 gold pieces
 46117 | Spider:3 | Killed Mara
 46117 | Spider:3 | Reached skill level 5 in Shields
 46163 | Spider:3 | Noticed Arachne
 46187 | Spider:3 | Killed Arachne
 46187 | Spider:3 | Reached skill level 6 in Shields
 47041 | Spider:4 | Entered Level 4 of the Spider Nest
 47237 | Spider:3 | Upgraded the game from 0.25-b1-37-g2669288c55 to
                  | 0.25-b1-46-gb8a1ec05df
 47442 | Spider:3 | Reached skill level 7 in Shields
 49020 | Spider:3 | Reached skill level 8 in Shields
 49513 | Spider:3 | Reached XP level 18. HP: 131/147 MP: 9/37
 50197 | Spider:4 | Reached skill level 9 in Shields
 50798 | Spider:4 | Reached skill level 10 in Shields
 51213 | Spider:4 | Got a gossamer rune of Zot
 51578 | Shoals:2 | Killed Ilsuiw
 52215 | Shoals:3 | Reached skill level 11 in Shields
 53993 | Shoals:4 | Entered Level 4 of the Shoals
 54023 | Shoals:4 | Identified the ring "Jeighet" {rPois rC+ rN+ Int+3}
 54024 | Shoals:4 | HP: 7/147 [merfolk javelineer/silver javelin (28)]
 54028 | Shoals:4 | Succumbed to barbed spike wounds

Illustrated notes

Levels and vault maps discovered:
D:1:      minmay_arrival_loop, layout_loops_corners
D:2:      layout_basic, nicolae_overflow_hidden_temple
D:3:      layout_loops_cross, gammafunk_temple_overflow_statue
D:4:      corexii_shack_village, layout_cave_pools, marbit_many_paths,
          makhleb_altar_promises_db, first_ration
D:5:      layout_loops_corners, lemuel_crystal_altar, minmay_temple_entry_trees
D:6:      minmay_bubble_buster, layout_basic, eat_drink_and_be_merry_uskayaw,
          gammafunk_ghost_arena, kennysheep_generic_room_14,
          uniq_prince_ribbit1, uniq_pikel
D:7:      layout_cave_pods, the_bakery, chequers_jeans
D:8:      layout_rooms, minmay_misc_feat_ornament
D:9:      layout_roguey, lemuel_coloured_pillars_altar, kennysheep_mini_moat,
          serial_shops, shop, serial_undead, serial_undead_c, serial_undead_c,
          serial_undead_f, serial_undead_c, uniq_erolcha
D:10:     layout_stronghold, enter_bailey_7, minmay_hollow_rounded_squares
D:11:     layout_irregular_city, dpeg_oklobed_lair,
          chequers_serial_rivers_small_3, hangedman_decor_riveting
D:12:     layout_gridville, orc_0_dummy
D:13:     layout_basic, uniq_frances, uniq_urug, uniq_azrael
D:14:     layout_irregular_city, ximxim_vaults_locker_room, hex_tiny,
          serial_shops, shop_fountains, roderic_lattice_a
D:15:     grunt_enter_depths_magical_seal, layout_basic, st_stairs_6,
          uniq_jorgrun
Lair:1:   layout_cave_pods, uniq_nergalle
Lair:2:   layout_gridlike, elwin_shoals_entry_rocks, portal_ice_cave_rime
Lair:3:   layout_gridlike, dummy_spider_entry, gammafunk_ghost_necromancy,
          kb_xom_exploding_sheep, serial_bayou_shore_a
Lair:4:   layout_long_grid
Lair:5:   layout_gridlike, slime_altar_2
Lair:6:   due_jungle_book, layout_loops_ring, minmay_lindwurm_lava
Shoals:1: layout_shoals, minmay_shop_enchanted_jewellery
Shoals:2: layout_shoals, nicolae_shoals_seven_spires, uniq_ilsuiw
Shoals:3: layout_shoals
Shoals:4: shoals_end_simple, layout_shoals, uniq_polyphemus
Spider:1: layout_chambers, nicolae_looking_at_the_future
Spider:2: layout_spider_delve, nicolae_orb_stairs,
          hangedman_spider_tarantella_strand, uniq_louise
Spider:3: layout_spider_delve, uniq_arachne, uniq_donald, uniq_mara
Spider:4: grunt_spider_rune_circles
Orc:1:    layout_caves, serial_shops, shop_fountains, shop, shop
Orc:2:    st_orc_pillars, layout_caves, gammafunk_ghost_abyssal_escape,
          basic_altar, nicolae_orc_stony_grotto, uniq_sonja, uniq_maurice

Skill      XL: |  1  2  3  4  5  6  7  8  9 10 11 12 13 14 15 16 17 18 |
---------------+-------------------------------------------------------+-----
Spellcasting   | 2 3 4 7 10 | 10.0
Ice Magic      | 4 5 6 7 8 9 |  9.6
Conjurations   | 1 3 5 6 7 8 9 |  9.7
Summonings     | 2 5 8 9 |  9.5
Fighting       | 1 5 6 9 10 | 10.0
Armour         | 1 4 6 9 10 | 10.6
Evocations     | 1 5 6 |  6.8
Dodging        | 4 5 |  5.6
Air Magic      | 5 8 9 10 | 10.0
Polearms       | 4 6 |  6.8
Shields        | 8 11 | 11.9
Stealth        | |  1.7

Action                   |  1- 3 |  4- 6 |  7- 9 | 10-12 | 13-15 | 16-18 || total
-------------------------+-------+-------+-------+-------+-------+-------++-------
Melee: Unarmed           |     2 |       |       |       |       |       ||     2
       Whip              |       |       |     5 |   143 |   683 |       ||   831
       Rapier            |       |       |       |    23 |       |       ||    23
       Demon trident     |       |       |       |       |    40 |   424 ||   464
 Fire: Hunting sling     |     2 |    89 |   145 |   127 |       |       ||   363
Throw: Dart              |       |       |       |       |     2 |       ||     2
 Cast: Freeze            |    54 |    57 |   122 |   151 |    29 |       ||   413
       Frozen Ramparts   |     5 |     9 |    18 |    50 |   117 |    56 ||   255
       Summon Ice Beast  |       |       |    20 |   188 |   176 |    45 ||   429
       Hailstorm         |       |       |     8 |    31 |    69 |    15 ||   123
       Ozocubu's Armour  |       |       |       |    10 |       |       ||    10
       Summon Lightning  |       |       |       |       |    58 |    54 ||   112
       Freezing Cloud    |       |       |       |       |     1 |    16 ||    17
Evoke: Wand              |       |       |       |    13 |     1 |       ||    14
       Lightning rod     |       |       |       |     4 |       |       ||     4
       Phial of floods   |       |       |       |     1 |     1 |       ||     2
       Box of beasts     |       |       |       |     1 |       |       ||     1
       Staff of energy   |       |       |       |       |    10 |       ||    10
       Phantom mirror    |       |       |       |       |       |     1 ||     1
  Use: Scroll            |       |    11 |     5 |    15 |    17 |    12 ||    60
       Potion            |       |     5 |     2 |     7 |     7 |    13 ||    34
 Stab: Distracted        |       |       |       |     4 |    10 |    11 ||    25
  Eat: Chunk             |     4 |     7 |    16 |    35 |    41 |    11 ||   114
       Ration            |       |     1 |     1 |     7 |     9 |     9 ||    27
Armor: Robe              |     6 |    15 |    40 |    13 |       |       ||    74
       Leather armour    |       |       |       |    82 |       |       ||    82
       Ring mail         |       |       |       |    70 |    35 |       ||   105
       Storm dragon scal |       |       |       |       |   542 |   294 ||   836
       Skin              |       |       |       |       |    43 |       ||    43
Dodge: Dodged            |    30 |    44 |   104 |   317 |   458 |   108 ||  1061
Block: Other             |       |       |       |       |   212 |    22 ||   234
       Reflection        |       |       |       |       |    11 |    54 ||    65
       Kite shield       |       |       |       |       |       |   873 ||   873
